Kings vs Nordiques
Created - November 9, 2019 at 20:40
Goals
|
| Kings |
2 |
1 |
1 |
4 |
| Nordiques |
0 |
1 |
1 |
2 |
|
Shots
|
| Kings |
8 |
13 |
10 |
31 |
| Nordiques |
7 |
11 |
8 |
26 |
|
1st period
1. Kings , Anze Kopitar 4 (Claude Giroux 7, Jordan Nolan 4) at 8:26 (PP)
2. Kings , Claude Giroux 9 (Darnell Nurse 2, Anze Kopitar 10) at 15:29
Penalties :
T.J. Fast (Que) for Hooking (Minor) at 7:43, R.J. Umberger (Que) for Slashing (Double Minor) at 15:52
2nd period
3. Kings , Loui Eriksson 2 (Darnell Nurse 3, Kevin Hayes 2) at 12:46 (PP)
4. Nordiques , Mike Brown 5 (Mike Fisher 3) at 13:21
Penalties :
Jordan Nolan (LAK) for Hooking (Minor) at 2:11, Dustin Byfuglien (Que) for Hooking (Minor) at 12:07, Adam Pineault (Que) for Hooking (Minor) at 15:43, Brian McGrattan (LAK) for Hooking (Minor) at 18:02
3rd period
5. Kings , Peter Worrell 1 (Darroll Powe 2, Brian McGrattan 1) at 1:37
6. Nordiques , Adam Pineault 4 (Maxim Talbot 9) at 10:03
Penalties :
Evander Kane (Que) for Goalie Interference (Minor) at 5:36, Radko Gudas (LAK) for Hooking (Minor) at 14:19, Maxim Afinogenov (LAK) for Roughing (Minor) at 17:41
Goalie Stats
Antti Niemi (LAK), 24 saves from 26 shots - (0.923), W, 2-2-1, 60:00 minutes
Julien Ellis (Que), 27 saves from 31 shots - (0.871), L, 4-2-0, 60:00 minutes
Players Stats for Kings
Player Name G A P +/- PIM S H SB GA TA FO MP PP MP PK MP
------------------------------------------------------------------------------------
Anze Kopitar 1 1 2 0 0 5 3 0 2 0 14/27 22:41 4:56 2:21
Brian McGrattan 0 1 1 1 2 2 2 0 0 0 0/0 10:13 0:46 3:03
Claude Giroux 1 1 2 0 0 2 0 1 3 1 1/2 24:07 4:48 3:18
Damon Severson 0 0 0 -1 0 1 2 1 0 1 0/0 21:28 5:18 0:52
Dan Hamhuis 0 0 0 0 0 0 0 1 0 1 0/0 19:23 3:45 3:20
Daniel Carcillo 0 0 0 0 0 3 1 0 0 0 1/1 12:44 0:59 2:23
Darnell Nurse 0 2 2 1 0 1 1 2 0 0 0/0 23:43 3:45 4:36
Darroll Powe 0 1 1 1 0 2 0 0 0 0 1/4 6:26 0:14 0:00
Gilbert Brule 0 0 0 0 0 1 2 0 2 1 5/12 17:12 3:32 4:36
John Carlson 0 0 0 1 0 3 1 1 1 1 0/0 19:37 5:18 0:00
Jon Merrill 0 0 0 0 0 3 1 1 0 0 0/0 17:18 0:16 4:36
Jordan Nolan 0 1 1 -1 2 1 3 2 1 0 3/9 16:21 4:46 0:00
Kevin Hayes 0 1 1 0 0 0 2 0 0 0 0/0 12:20 3:30 0:00
Loui Eriksson 1 0 1 -1 0 3 2 2 0 0 0/0 15:15 3:33 0:00
Matt Martin 0 0 0 0 0 2 3 1 0 0 1/1 15:19 0:00 0:00
Maxim Afinogenov 0 0 0 -1 2 1 1 0 0 0 0/0 12:34 0:53 0:00
Peter Worrell 1 0 1 1 0 1 0 0 0 0 0/0 6:20 0:00 0:11
Radko Gudas 0 0 0 -1 2 0 1 2 0 0 0/0 18:59 0:16 2:28
Players Stats for Nordiques
Player Name G A P +/- PIM S H SB GA TA FO MP PP MP PK MP
------------------------------------------------------------------------------------
Adam Pineault 1 0 1 1 2 4 0 0 0 0 0/0 16:31 3:48 0:00
David Legwand 0 0 0 -1 0 0 3 0 0 0 15/29 23:32 4:08 3:38
Dustin Byfuglien 0 0 0 -1 2 2 1 0 0 1 0/0 21:45 3:12 3:43
Evander Kane 0 0 0 -1 2 4 2 1 3 0 1/2 21:53 4:08 1:24
Fedor Tyutin 0 0 0 0 0 2 2 1 0 1 0/0 16:37 3:12 0:12
James Sheppard 0 0 0 1 0 1 2 1 0 0 0/0 12:53 3:48 0:46
Jay Bouwmeester 0 0 0 0 0 0 0 0 0 0 0/0 22:57 4:44 0:12
Jiri Hudler 0 0 0 -1 0 2 0 0 1 0 0/1 7:41 0:00 2:16
Maxim Talbot 0 1 1 1 0 0 1 1 0 1 10/17 18:19 0:00 4:51
Mike Brown 1 0 1 1 0 4 0 0 0 0 2/2 8:29 0:00 0:00
Mike Fisher 0 1 1 1 0 0 0 2 0 0 2/3 10:04 0:00 1:14
Paul Gaustad 0 0 0 -1 0 1 0 0 0 0 0/1 8:29 3:48 0:00
R.J. Umberger 0 0 0 1 4 0 1 0 1 1 0/1 16:35 0:00 3:09
Ryan Ellis 0 0 0 -1 0 3 1 2 0 2 0/0 29:50 4:44 5:24
T.J. Fast 0 0 0 1 2 0 0 0 0 0 0/0 13:32 0:00 3:43
Trevor Daley 0 0 0 1 0 0 2 0 0 2 0/0 15:17 0:00 5:24
Vladimir Tarasenko 0 0 0 -1 0 3 1 0 0 1 0/0 19:54 4:08 0:00
Zac Rinaldo 0 0 0 -1 0 0 0 0 0 0 0/0 6:18 0:00 1:20
3 Stars
1 - Anze Kopitar (LAK)
2 - Claude Giroux (LAK)
3 - Darnell Nurse (LAK)
Power Play
Kings - 2 on 6 Attempt(s) - 33.33%
Nordiques - 0 on 4 Attempt(s) - 0.00%
Penalty Kill
Kings - 4 on 4 Attempt(s) - 100.00%
- Score 0 goal in Penalty Kill
Nordiques - 4 on 6 Attempt(s) - 66.67%
- Score 0 goal in Penalty Kill
Team Stat
Kings - Hits : 25 - Faceoff Wins : 26 - Blocked Shots : 14 - Penalty Minutes : 8
Nordiques - Hits : 16 - Faceoff Wins : 30 - Blocked Shots : 8 - Penalty Minutes : 12
Official
Referees : Unknown
Linesman : Unknown
Game Notes
No Game Note
Finance
Level 1 -- Attendance: 4738 (78.97%) -- Ticket Income $592,250
Level 2 -- Attendance: 4026 (80.52%) -- Ticket Income $301,950
Level 3 -- Attendance: 1571 (78.55%) -- Ticket Income $78,550
Level 4 -- Attendance: 2766 (69.15%) -- Ticket Income $110,640
Luxury Box -- Attendance: 789 (78.90%) -- Ticket Income $149,910
Game was played at the Centre Videotron.
Total Attendance: 13890 (77.17%)
Total Ticket Income: $1,233,300
Other Income: $184,995
Total Income: $1,418,295
Kings
5 vs 5 Forward
Center Left Wing Right Wing Time % Phy DF OF
1 Anze Kopitar Matt Martin Claude Giroux 40 1 2 2
2 Jordan Nolan Loui Eriksson Maxim Afinogenov 30 1 2 2
3 Gilbert Brule Daniel Carcillo Kevin Hayes 25 1 2 2
4 Darroll Powe Peter Worrell Brian McGrattan 5 3 2 0
5 vs 5 Defense
Defense Defense Time % Phy DF OF
1 John Carlson Darnell Nurse 35 1 2 2
2 Damon Severson Radko Gudas 35 1 2 2
3 Dan Hamhuis Jon Merrill 30 1 2 2
4 Darnell Nurse Radko Gudas 0 1 2 2
PowerPlay Forward
Center Left Wing Right Wing Time % Phy DF OF
1 Anze Kopitar Jordan Nolan Claude Giroux 60 1 1 3
2 Gilbert Brule Loui Eriksson Kevin Hayes 40 1 1 3
PowerPlay Defense
Defense Defense Time % Phy DF OF
1 Damon Severson John Carlson 60 0 2 3
2 Darnell Nurse Dan Hamhuis 40 0 2 3
Penalty Kill 4 Players Forward
Center Wing Time % Phy DF OF
1 Gilbert Brule Brian McGrattan 60 1 3 1
2 Claude Giroux Anze Kopitar 40 1 3 1
Penalty Kill 4 Players Defense
Defense Defense Time % Phy DF OF
1 Darnell Nurse Jon Merrill 60 1 4 0
2 Radko Gudas Dan Hamhuis 40 1 4 0
Penalty Kill - 3 Players Forward
Forward Time % Phy DF OF
1 Claude Giroux 60 1 3 1
2 Anze Kopitar 40 1 3 1
Penalty Kill - 3 Players Defense
Defense Defense Time % Phy DF OF
1 Jon Merrill Darnell Nurse 60 1 4 0
2 Dan Hamhuis Radko Gudas 40 1 4 0
4 vs 4 Forward
Center Wing Time % Phy DF OF
1 Claude Giroux Anze Kopitar 60 1 2 2
2 Jordan Nolan Maxim Afinogenov 40 1 1 3
4 vs 4 Defense
Defense Defense Time % Phy DF OF
1 John Carlson Radko Gudas 60 1 2 2
2 Damon Severson Jon Merrill 40 1 2 2
Last Minutes Offensive
Center Left Wing Right Wing Defense Defense
Anze Kopitar Matt Martin Claude Giroux John Carlson Damon Severson
Last Minutes Defensive
Center Left Wing Right Wing Defense Defense
Anze Kopitar Matt Martin Claude Giroux Jon Merrill Radko Gudas
Goaltenders
Starting : Antti Niemi
Backup : Philipp Grubauer
Extra Forwards
Normal : Anze Kopitar, Gilbert Brule, Jordan Nolan - PP : Maxim Afinogenov, Daniel Carcillo - PK : Claude Giroux
Extra Defensemen
Normal : John Carlson, Damon Severson, Radko Gudas - PP : Jon Merrill - PK : Dan Hamhuis, Damon Severson
Penalty Shots
Claude Giroux, Loui Eriksson, Anze Kopitar, Jordan Nolan, Gilbert Brule
Scratches
Tyler Cuma (Healthy), Martin Jones (Healthy)
Nordiques
5 vs 5 Forward
Center Left Wing Right Wing Time % Phy DF OF
1 David Legwand Evander Kane Vladimir Tarasenko 40 0 1 4
2 Maxim Talbot R.J. Umberger Adam Pineault 30 0 1 4
3 Mike Fisher James Sheppard Mike Brown 20 1 1 3
4 Paul Gaustad Zac Rinaldo Jiri Hudler 10 2 1 2
5 vs 5 Defense
Defense Defense Time % Phy DF OF
1 Jay Bouwmeester Ryan Ellis 40 1 3 1
2 Fedor Tyutin Dustin Byfuglien 30 1 3 1
3 T.J. Fast Trevor Daley 20 1 3 1
4 Ryan Ellis Dustin Byfuglien 10 1 3 1
PowerPlay Forward
Center Left Wing Right Wing Time % Phy DF OF
1 David Legwand Evander Kane Vladimir Tarasenko 60 0 0 5
2 Paul Gaustad James Sheppard Adam Pineault 40 0 0 5
PowerPlay Defense
Defense Defense Time % Phy DF OF
1 Ryan Ellis Jay Bouwmeester 60 0 2 3
2 Fedor Tyutin Dustin Byfuglien 40 0 2 3
Penalty Kill 4 Players Forward
Center Wing Time % Phy DF OF
1 Maxim Talbot R.J. Umberger 60 1 3 1
2 David Legwand Jiri Hudler 40 1 3 1
Penalty Kill 4 Players Defense
Defense Defense Time % Phy DF OF
1 Ryan Ellis Trevor Daley 60 1 4 0
2 T.J. Fast Dustin Byfuglien 40 1 4 0
Penalty Kill - 3 Players Forward
Forward Time % Phy DF OF
1 Maxim Talbot 60 2 3 0
2 David Legwand 40 2 3 0
Penalty Kill - 3 Players Defense
Defense Defense Time % Phy DF OF
1 Ryan Ellis Trevor Daley 60 1 4 0
2 T.J. Fast Dustin Byfuglien 40 1 4 0
4 vs 4 Forward
Center Wing Time % Phy DF OF
1 Maxim Talbot R.J. Umberger 60 1 1 3
2 David Legwand Vladimir Tarasenko 40 1 1 3
4 vs 4 Defense
Defense Defense Time % Phy DF OF
1 Trevor Daley Ryan Ellis 60 1 3 1
2 Jay Bouwmeester Dustin Byfuglien 40 1 3 1
Last Minutes Offensive
Center Left Wing Right Wing Defense Defense
Vladimir Tarasenko Evander Kane David Legwand Jay Bouwmeester Ryan Ellis
Last Minutes Defensive
Center Left Wing Right Wing Defense Defense
Maxim Talbot R.J. Umberger Jiri Hudler Dustin Byfuglien Ryan Ellis
Goaltenders
Starting : Julien Ellis
Backup : Jonathan Quick
Extra Forwards
Normal : David Legwand, Vladimir Tarasenko, Evander Kane - PP : David Legwand, Vladimir Tarasenko - PK : David Legwand
Extra Defensemen
Normal : Ryan Ellis, Trevor Daley, Jay Bouwmeester - PP : Ryan Ellis - PK : Trevor Daley, Ryan Ellis
Penalty Shots
David Legwand, Vladimir Tarasenko, Evander Kane, R.J. Umberger, Maxim Talbot
Scratches
Cody McLeod (Healthy), Matt Gilroy (Healthy)
% Time on Ice - Kings
Lines # - Real PCT - Wanted PCT - Time Play
Normal Forward
1 - 38% - 40% - 16:10
2 - 27% - 30% - 11:42
3 - 20% - 25% - 8:44
4 - 14% - 5% - 6:09
Normal Defense
1 - 35% - 35% - 15:09
2 - 37% - 35% - 16:00
3 - 27% - 30% - 11:36
4 - 0% - 0% - 0:00
PP Forward
1 - 56% - 60% - 5:13
2 - 44% - 40% - 4:06
PP Defense
1 - 60% - 60% - 5:34
2 - 40% - 40% - 3:45
PK Forward
1 - 80% - 60% - 6:20
2 - 20% - 40% - 1:36
PK Defense
1 - 58% - 60% - 4:36
2 - 42% - 40% - 3:20
PK3 Forward
1 - 0% - 60%
2 - 0% - 40%
PK3 Defense
1 - 0% - 60%
2 - 0% - 40%
44 Forward
1 - 0% - 60%
2 - 0% - 40%
44 Defense
1 - 0% - 60%
2 - 0% - 40%
Last Minute Offensive - 0:00
Last Minute Defensive - 0:00
Total
Forward - 60:00
Defense - 60:00
|
% Time on Ice - Nordiques
Lines # - Real PCT - Wanted PCT - Time Play
Normal Forward
1 - 38% - 40% - 16:14
2 - 31% - 30% - 13:26
3 - 20% - 20% - 8:29
4 - 11% - 10% - 4:36
Normal Defense
1 - 43% - 40% - 18:21
2 - 32% - 30% - 13:30
3 - 22% - 20% - 9:33
4 - 3% - 10% - 1:21
PP Forward
1 - 52% - 60% - 4:08
2 - 48% - 40% - 3:48
PP Defense
1 - 60% - 60% - 4:44
2 - 40% - 40% - 3:12
PK Forward
1 - 76% - 60% - 7:03
2 - 24% - 40% - 2:16
PK Defense
1 - 60% - 60% - 5:36
2 - 40% - 40% - 3:43
PK3 Forward
1 - 0% - 60%
2 - 0% - 40%
PK3 Defense
1 - 0% - 60%
2 - 0% - 40%
44 Forward
1 - 0% - 60%
2 - 0% - 40%
44 Defense
1 - 0% - 60%
2 - 0% - 40%
Last Minute Offensive - 0:00
Last Minute Defensive - 0:00
Total
Forward - 60:00
Defense - 60:00
|
Play-by-Play
1st period
0:01 of 1st period - David Legwand wins face-off versus Anze Kopitar in neutral zone.
0:58 of 1st period - Snap shot by James Sheppard.
0:58 of 1st period - Stopped by Antti Niemi with a rebound.
2:00 of 1st period - Snap shot by Loui Eriksson.
2:00 of 1st period - Stopped by Julien Ellis with a rebound.
2:44 of 1st period - Snap shot by Evander Kane.
2:44 of 1st period - Shot Misses the Net.
3:24 of 1st period - Snap shot by Loui Eriksson.
3:24 of 1st period - Shot Hit the Post.
3:38 of 1st period - Snap shot by Daniel Carcillo.
3:38 of 1st period - Shot Misses the Net.
4:26 of 1st period - Snap shot by Jordan Nolan.
4:26 of 1st period - Shot Misses the Net.
4:28 of 1st period - Snap shot by Jon Merrill.
4:28 of 1st period - Deflect By T.J. Fast.
4:28 of 1st period - Stopped by Julien Ellis without a rebound.
4:29 of 1st period - Anze Kopitar wins face-off versus Maxim Talbot in Nordiques zone.
4:34 of 1st period - Snap shot by Anze Kopitar.
4:34 of 1st period - Shot Misses the Net.
5:19 of 1st period - Mike Brown is hit by Kevin Hayes and loses puck.
6:46 of 1st period - Wrist shot by Paul Gaustad.
6:46 of 1st period - Shot Misses the Net.
6:48 of 1st period - Slapshot by Paul Gaustad.
6:48 of 1st period - Deflect By Jiri Hudler.
6:48 of 1st period - Stopped by Antti Niemi with a rebound.
6:50 of 1st period - Slapshot by Dustin Byfuglien.
6:50 of 1st period - Shot Blocked by Jon Merrill.
6:52 of 1st period - Snap shot by Paul Gaustad.
6:52 of 1st period - Stopped by Antti Niemi with a rebound.
6:54 of 1st period - Snap shot by Zac Rinaldo.
6:54 of 1st period - Shot Misses the Net.
6:58 of 1st period - Snap shot by Jiri Hudler.
6:58 of 1st period - Shot Misses the Net.
7:14 of 1st period - Mike Brown is hit by Matt Martin and loses puck.
7:43 of 1st period - Minor Penalty to T.J. Fast for Hooking.
7:44 of 1st period - Anze Kopitar wins face-off versus R.J. Umberger in Nordiques zone.
7:50 of 1st period - Slapshot by Jordan Nolan.
7:50 of 1st period - Stopped by Julien Ellis without a rebound.
7:51 of 1st period - Anze Kopitar wins face-off versus Maxim Talbot in Nordiques zone.
8:04 of 1st period - Wrist shot by Anze Kopitar.
8:04 of 1st period - Shot Misses the Net.
8:26 of 1st period - Snap shot by Anze Kopitar.
8:26 of 1st period - Goal by Anze Kopitar - Kings : 1 - Nordiques : 0.
8:27 of 1st period - Gilbert Brule wins face-off versus David Legwand in neutral zone.
9:44 of 1st period - Snap shot by Ryan Ellis.
9:44 of 1st period - Stopped by Antti Niemi with a rebound.
9:46 of 1st period - Wrist shot by Vladimir Tarasenko.
9:46 of 1st period - Shot Misses the Net.
10:24 of 1st period - Anze Kopitar is hit by R.J. Umberger and loses puck.
10:50 of 1st period - David Legwand is hit by Loui Eriksson and loses puck.
11:11 of 1st period - Backhand shot by Jiri Hudler.
11:11 of 1st period - Stopped by Antti Niemi without a rebound.
11:12 of 1st period - Maxim Talbot wins face-off versus Darroll Powe in Kings zone.
11:17 of 1st period - Wrist shot by Maxim Talbot.
11:17 of 1st period - Shot Misses the Net.
11:19 of 1st period - Snap shot by Fedor Tyutin.
11:19 of 1st period - Stopped by Antti Niemi with a rebound.
11:21 of 1st period - Slapshot by Dustin Byfuglien.
11:21 of 1st period - Stopped by Antti Niemi with a rebound.
11:23 of 1st period - Slapshot by Dustin Byfuglien.
11:23 of 1st period - Shot Misses the Net.
11:46 of 1st period - Wrist shot by Brian McGrattan.
11:46 of 1st period - Stopped by Julien Ellis without a rebound.
11:47 of 1st period - David Legwand wins face-off versus Anze Kopitar in Nordiques zone.
14:12 of 1st period - Paul Gaustad is hit by Daniel Carcillo and loses puck.
14:24 of 1st period - Icing by Claude Giroux.
14:25 of 1st period - Matt Martin wins face-off versus David Legwand in Kings zone.
14:30 of 1st period - Snap shot by Vladimir Tarasenko.
14:30 of 1st period - Shot Blocked by Dan Hamhuis.
14:35 of 1st period - Off-side.
14:36 of 1st period - David Legwand wins face-off versus Anze Kopitar in neutral zone.
14:44 of 1st period - Icing by Darnell Nurse.
14:45 of 1st period - David Legwand wins face-off versus Anze Kopitar in Kings zone.
15:13 of 1st period - Snap shot by Evander Kane.
15:13 of 1st period - Shot Misses the Net.
15:23 of 1st period - Slapshot by Anze Kopitar.
15:23 of 1st period - Deflect By Claude Giroux.
15:23 of 1st period - Stopped by Julien Ellis with a rebound.
15:25 of 1st period - Wrist shot by Darnell Nurse.
15:25 of 1st period - Shot Misses the Net.
15:27 of 1st period - Slapshot by Darnell Nurse.
15:27 of 1st period - Stopped by Julien Ellis with a rebound.
15:29 of 1st period - Snap shot by Claude Giroux.
15:29 of 1st period - Goal by Claude Giroux - Kings : 2 - Nordiques : 0.
15:30 of 1st period - Jordan Nolan wins face-off versus Maxim Talbot in neutral zone.
15:33 of 1st period - Jay Bouwmeester is hit by Jordan Nolan and loses puck.
15:52 of 1st period - Double Minor Penalty to R.J. Umberger for Slashing.
15:53 of 1st period - Claude Giroux wins face-off versus Maxim Talbot in Nordiques zone.
16:20 of 1st period - Kevin Hayes is hit by Maxim Talbot.
17:56 of 1st period - T.J. Fast is hit by Jordan Nolan and loses puck.
19:02 of 1st period - Trevor Daley is hit by Brian McGrattan and loses puck.
19:52 of 1st period - Penalty to R.J. Umberger is over, R.J. Umberger is back on ice.
Goals for this period are 2 for Kings vs 0 for Nordiques.
Shots for this period are 8 for Kings vs 7 for Nordiques.
2nd period
0:01 of 2nd period - David Legwand wins face-off versus Anze Kopitar in neutral zone.
0:16 of 2nd period - David Legwand is hit by Matt Martin and loses puck.
0:36 of 2nd period - Slapshot by Ryan Ellis.
0:36 of 2nd period - Deflect By Gilbert Brule.
0:36 of 2nd period - Stopped by Antti Niemi with a rebound.
1:52 of 2nd period - Wrist shot by Daniel Carcillo.
1:52 of 2nd period - Stopped by Julien Ellis with a rebound.
1:54 of 2nd period - Slapshot by Dan Hamhuis.
1:54 of 2nd period - Shot Hit the Post.
1:56 of 2nd period - Slapshot by Radko Gudas.
1:56 of 2nd period - Shot Hit the Post.
2:06 of 2nd period - Backhand shot by Mike Brown.
2:06 of 2nd period - Stopped by Antti Niemi with a rebound.
2:11 of 2nd period - Minor Penalty to Jordan Nolan for Hooking.
2:12 of 2nd period - David Legwand wins face-off versus Gilbert Brule in Kings zone.
2:28 of 2nd period - Vladimir Tarasenko is hit by Darnell Nurse and loses puck.
3:50 of 2nd period - Jon Merrill is hit by David Legwand and loses puck.
4:11 of 2nd period - Penalty to Jordan Nolan is over, Jordan Nolan is back on ice.
4:27 of 2nd period - Snap shot by Maxim Afinogenov.
4:27 of 2nd period - Shot Blocked by Ryan Ellis.
4:47 of 2nd period - Icing by Ryan Ellis.
4:48 of 2nd period - Mike Fisher wins face-off versus Darroll Powe in Nordiques zone.
4:48 of 2nd period - Mike Fisher is hit by John Carlson.
5:14 of 2nd period - Snap shot by Mike Fisher.
5:14 of 2nd period - Shot Blocked by Darnell Nurse.
5:16 of 2nd period - Slapshot by Trevor Daley.
5:16 of 2nd period - Deflect By Mike Brown.
5:16 of 2nd period - Stopped by Antti Niemi without a rebound.
5:17 of 2nd period - Anze Kopitar wins face-off versus David Legwand in Kings zone.
5:25 of 2nd period - Off-side.
5:26 of 2nd period - Anze Kopitar wins face-off versus David Legwand in neutral zone.
5:55 of 2nd period - Wrist shot by Anze Kopitar.
5:55 of 2nd period - Shot Misses the Net.
5:57 of 2nd period - Snap shot by Matt Martin.
5:57 of 2nd period - Stopped by Julien Ellis with a rebound.
5:59 of 2nd period - Wrist shot by Anze Kopitar.
5:59 of 2nd period - Stopped by Julien Ellis with a rebound.
6:51 of 2nd period - Anze Kopitar is hit by Vladimir Tarasenko and loses puck.
7:02 of 2nd period - Slapshot by Evander Kane.
7:02 of 2nd period - Stopped by Antti Niemi without a rebound.
7:03 of 2nd period - Maxim Talbot wins face-off versus Gilbert Brule in Kings zone.
7:12 of 2nd period - R.J. Umberger is hit by Gilbert Brule.
7:30 of 2nd period - Jordan Nolan is hit by James Sheppard and loses puck.
8:27 of 2nd period - Wrist shot by John Carlson.
8:27 of 2nd period - Stopped by Julien Ellis with a rebound.
8:29 of 2nd period - Slapshot by Darnell Nurse.
8:29 of 2nd period - Deflect By Maxim Afinogenov.
8:29 of 2nd period - Stopped by Julien Ellis without a rebound.
8:30 of 2nd period - Mike Brown wins face-off versus Jordan Nolan in Nordiques zone.
8:43 of 2nd period - Snap shot by Mike Fisher.
8:43 of 2nd period - Shot Misses the Net.
8:45 of 2nd period - Snap shot by Fedor Tyutin.
8:45 of 2nd period - Deflect By Jordan Nolan.
8:45 of 2nd period - Stopped by Antti Niemi with a rebound.
8:47 of 2nd period - Wrist shot by Mike Fisher.
8:47 of 2nd period - Shot Blocked by Radko Gudas.
9:17 of 2nd period - Snap shot by James Sheppard.
9:17 of 2nd period - Deflect By Mike Brown.
9:17 of 2nd period - Shot Misses the Net.
9:17 of 2nd period - Puck is out of play.
9:18 of 2nd period - Gilbert Brule wins face-off versus David Legwand in Kings zone.
9:33 of 2nd period - Snap shot by John Carlson.
9:33 of 2nd period - Stopped by Julien Ellis without a rebound.
9:34 of 2nd period - Maxim Talbot wins face-off versus Anze Kopitar in Nordiques zone.
9:39 of 2nd period - Snap shot by Adam Pineault.
9:39 of 2nd period - Stopped by Antti Niemi with a rebound.
9:45 of 2nd period - Snap shot by Anze Kopitar.
9:45 of 2nd period - Stopped by Julien Ellis without a rebound.
9:46 of 2nd period - Anze Kopitar wins face-off versus David Legwand in Nordiques zone.
9:57 of 2nd period - Snap shot by Anze Kopitar.
9:57 of 2nd period - Deflect By Matt Martin.
9:57 of 2nd period - Stopped by Julien Ellis with a rebound.
9:59 of 2nd period - Slapshot by Damon Severson.
9:59 of 2nd period - Stopped by Julien Ellis without a rebound.
10:00 of 2nd period - Anze Kopitar wins face-off versus David Legwand in Nordiques zone.
10:27 of 2nd period - Daniel Carcillo is hit by Ryan Ellis and loses puck.
10:54 of 2nd period - Off-side.
10:55 of 2nd period - Anze Kopitar wins face-off versus David Legwand in neutral zone.
11:08 of 2nd period - Snap shot by Evander Kane.
11:08 of 2nd period - Shot Misses the Net.
11:10 of 2nd period - Backhand shot by Dustin Byfuglien.
11:10 of 2nd period - Stopped by Antti Niemi without a rebound.
11:11 of 2nd period - Maxim Talbot wins face-off versus Gilbert Brule in Kings zone.
11:38 of 2nd period - Claude Giroux is hit by Evander Kane and loses puck.
11:42 of 2nd period - Icing by Anze Kopitar.
11:43 of 2nd period - David Legwand wins face-off versus Anze Kopitar in Kings zone.
12:02 of 2nd period - Anze Kopitar is hit by Dustin Byfuglien.
12:07 of 2nd period - Minor Penalty to Dustin Byfuglien for Hooking.
12:08 of 2nd period - Jordan Nolan wins face-off versus Maxim Talbot in Nordiques zone.
12:18 of 2nd period - Claude Giroux is hit by Trevor Daley and loses puck.
12:35 of 2nd period - Ryan Ellis is hit by Gilbert Brule and loses puck.
12:40 of 2nd period - Snap shot by Kevin Hayes.
12:40 of 2nd period - Shot Misses the Net.
12:42 of 2nd period - Snap shot by Kevin Hayes.
12:42 of 2nd period - Shot Misses the Net.
12:44 of 2nd period - Slapshot by Darnell Nurse.
12:44 of 2nd period - Shot Misses the Net.
12:46 of 2nd period - Wrist shot by Loui Eriksson.
12:46 of 2nd period - Goal by Loui Eriksson - Kings : 3 - Nordiques : 0.
12:47 of 2nd period - Anze Kopitar wins face-off versus David Legwand in neutral zone.
13:04 of 2nd period - Claude Giroux is hit by David Legwand and loses puck.
13:15 of 2nd period - Snap shot by Mike Brown.
13:15 of 2nd period - Shot Blocked by Matt Martin.
13:17 of 2nd period - Wrist shot by Mike Fisher.
13:17 of 2nd period - Shot Misses the Net.
13:19 of 2nd period - Slapshot by Mike Brown.
13:19 of 2nd period - Stopped by Antti Niemi without a rebound.
13:20 of 2nd period - Mike Fisher wins face-off versus Jordan Nolan in Kings zone.
13:21 of 2nd period - Wrist shot by Mike Brown.
13:21 of 2nd period - Goal by Mike Brown - Kings : 3 - Nordiques : 1.
13:22 of 2nd period - Evander Kane wins face-off versus Anze Kopitar in neutral zone.
13:27 of 2nd period - Radko Gudas is hit by Evander Kane and loses puck.
13:45 of 2nd period - Icing by Radko Gudas.
13:46 of 2nd period - Anze Kopitar wins face-off versus Maxim Talbot in Kings zone.
14:17 of 2nd period - Slapshot by Daniel Carcillo.
14:17 of 2nd period - Stopped by Julien Ellis without a rebound.
14:18 of 2nd period - David Legwand wins face-off versus Anze Kopitar in Nordiques zone.
14:29 of 2nd period - Claude Giroux is hit by David Legwand and loses puck.
14:34 of 2nd period - Snap shot by Evander Kane.
14:34 of 2nd period - Stopped by Antti Niemi with a rebound.
14:44 of 2nd period - Jay Bouwmeester is hit by Maxim Afinogenov.
14:47 of 2nd period - Off-side.
14:48 of 2nd period - Maxim Talbot wins face-off versus Jordan Nolan in neutral zone.
14:59 of 2nd period - Wrist shot by Maxim Talbot.
14:59 of 2nd period - Deflect By Adam Pineault.
14:59 of 2nd period - Shot Blocked by Jordan Nolan.
14:59 of 2nd period - Puck is out of play.
15:00 of 2nd period - Anze Kopitar wins face-off versus David Legwand in Kings zone.
15:29 of 2nd period - Slapshot by Dan Hamhuis.
15:29 of 2nd period - Shot Misses the Net.
15:31 of 2nd period - Slapshot by Dan Hamhuis.
15:31 of 2nd period - Shot Blocked by Maxim Talbot.
15:43 of 2nd period - Minor Penalty to Adam Pineault for Hooking.
15:44 of 2nd period - Maxim Talbot wins face-off versus Anze Kopitar in Nordiques zone.
15:53 of 2nd period - Wrist shot by Anze Kopitar.
15:53 of 2nd period - Stopped by Julien Ellis with a rebound.
16:13 of 2nd period - Snap shot by Loui Eriksson.
16:13 of 2nd period - Stopped by Julien Ellis with a rebound.
16:15 of 2nd period - Slapshot by Loui Eriksson.
16:15 of 2nd period - Shot Blocked by Ryan Ellis.
16:17 of 2nd period - Wrist shot by Loui Eriksson.
16:17 of 2nd period - Shot Misses the Net.
16:23 of 2nd period - Slapshot by Gilbert Brule.
16:23 of 2nd period - Shot Misses the Net.
16:54 of 2nd period - Icing by John Carlson.
16:55 of 2nd period - Anze Kopitar wins face-off versus Jiri Hudler in Kings zone.
17:43 of 2nd period - Penalty to Adam Pineault is over, Adam Pineault is back on ice.
18:02 of 2nd period - Minor Penalty to Brian McGrattan for Hooking.
18:03 of 2nd period - David Legwand wins face-off versus Gilbert Brule in Kings zone.
18:07 of 2nd period - Snap shot by Evander Kane.
18:07 of 2nd period - Shot Hit the Post.
18:34 of 2nd period - Slapshot by Ryan Ellis.
18:34 of 2nd period - Stopped by Antti Niemi without a rebound.
18:35 of 2nd period - Gilbert Brule wins face-off versus Paul Gaustad in Kings zone.
18:44 of 2nd period - Slapshot by Dustin Byfuglien.
18:44 of 2nd period - Shot Blocked by Claude Giroux.
19:18 of 2nd period - Wrist shot by Adam Pineault.
19:18 of 2nd period - Deflect By Claude Giroux.
19:18 of 2nd period - Shot Misses the Net.
19:18 of 2nd period - Puck is out of play.
19:19 of 2nd period - David Legwand wins face-off versus Claude Giroux in Kings zone.
Goals for this period are 1 for Kings vs 1 for Nordiques.
Shots for this period are 13 for Kings vs 11 for Nordiques.
3rd period
0:01 of 3rd period - David Legwand wins face-off versus Gilbert Brule in neutral zone.
0:02 of 3rd period - Penalty to Brian McGrattan is over, Brian McGrattan is back on ice.
0:10 of 3rd period - Snap shot by David Legwand.
0:10 of 3rd period - Shot Misses the Net.
0:12 of 3rd period - Snap shot by Vladimir Tarasenko.
0:12 of 3rd period - Stopped by Antti Niemi with a rebound.
0:14 of 3rd period - Snap shot by Evander Kane.
0:14 of 3rd period - Stopped by Antti Niemi without a rebound.
0:15 of 3rd period - Jordan Nolan wins face-off versus Maxim Talbot in Kings zone.
0:34 of 3rd period - Adam Pineault is hit by Loui Eriksson and loses puck.
1:31 of 3rd period - Snap shot by Darroll Powe.
1:31 of 3rd period - Stopped by Julien Ellis with a rebound.
1:33 of 3rd period - Snap shot by Brian McGrattan.
1:33 of 3rd period - Stopped by Julien Ellis with a rebound.
1:35 of 3rd period - Snap shot by Darroll Powe.
1:35 of 3rd period - Shot Blocked by Fedor Tyutin.
1:37 of 3rd period - Snap shot by Peter Worrell.
1:37 of 3rd period - Goal by Peter Worrell - Kings : 4 - Nordiques : 1.
1:38 of 3rd period - David Legwand wins face-off versus Anze Kopitar in neutral zone.
1:42 of 3rd period - Dustin Byfuglien is hit by Jon Merrill and loses puck.
2:17 of 3rd period - Wrist shot by R.J. Umberger.
2:17 of 3rd period - Shot Blocked by Jordan Nolan.
2:32 of 3rd period - Off-side.
2:33 of 3rd period - Mike Brown wins face-off versus Gilbert Brule in neutral zone.
2:38 of 3rd period - Snap shot by Mike Fisher.
2:38 of 3rd period - Shot Blocked by Damon Severson.
2:44 of 3rd period - Slapshot by Radko Gudas.
2:44 of 3rd period - Deflect By Gilbert Brule.
2:44 of 3rd period - Stopped by Julien Ellis with a rebound.
2:46 of 3rd period - Snap shot by Kevin Hayes.
2:46 of 3rd period - Shot Misses the Net.
2:48 of 3rd period - Slapshot by Gilbert Brule.
2:48 of 3rd period - Shot Blocked by Mike Fisher.
2:58 of 3rd period - David Legwand is hit by Matt Martin and loses puck.
3:29 of 3rd period - Adam Pineault is hit by Jordan Nolan and loses puck.
3:48 of 3rd period - Snap shot by John Carlson.
3:48 of 3rd period - Stopped by Julien Ellis without a rebound.
3:49 of 3rd period - Daniel Carcillo wins face-off versus David Legwand in Nordiques zone.
4:14 of 3rd period - R.J. Umberger is hit by Damon Severson and loses puck.
4:21 of 3rd period - Snap shot by Anze Kopitar.
4:21 of 3rd period - Stopped by Julien Ellis with a rebound.
4:23 of 3rd period - Slapshot by Jon Merrill.
4:23 of 3rd period - Stopped by Julien Ellis without a rebound.
4:24 of 3rd period - David Legwand wins face-off versus Jordan Nolan in Nordiques zone.
5:29 of 3rd period - Snap shot by Darroll Powe.
5:29 of 3rd period - Stopped by Julien Ellis without a rebound.
5:30 of 3rd period - Anze Kopitar wins face-off versus David Legwand in Nordiques zone.
5:36 of 3rd period - Minor Penalty to Evander Kane for Goalie Interference.
5:37 of 3rd period - Maxim Talbot wins face-off versus Anze Kopitar in Nordiques zone.
5:37 of 3rd period - Maxim Talbot is hit by Anze Kopitar.
6:04 of 3rd period - Jiri Hudler is hit by Kevin Hayes.
7:36 of 3rd period - Penalty to Evander Kane is over, Evander Kane is back on ice.
7:50 of 3rd period - Slapshot by Dan Hamhuis.
7:50 of 3rd period - Deflect By Brian McGrattan.
7:50 of 3rd period - Shot Blocked by Evander Kane.
7:50 of 3rd period - Puck is out of play.
7:51 of 3rd period - Darroll Powe wins face-off versus Mike Fisher in Nordiques zone.
7:58 of 3rd period - Slapshot by Jon Merrill.
7:58 of 3rd period - Shot Misses the Net.
8:00 of 3rd period - Wrist shot by Brian McGrattan.
8:00 of 3rd period - Shot Blocked by James Sheppard.
8:02 of 3rd period - Slapshot by Jon Merrill.
8:02 of 3rd period - Stopped by Julien Ellis with a rebound.
8:04 of 3rd period - Snap shot by Brian McGrattan.
8:04 of 3rd period - Shot Blocked by Mike Fisher.
8:08 of 3rd period - Slapshot by Radko Gudas.
8:08 of 3rd period - Deflect By Peter Worrell.
8:08 of 3rd period - Shot Misses the Net.
8:08 of 3rd period - Puck is out of play.
8:09 of 3rd period - David Legwand wins face-off versus Jordan Nolan in Nordiques zone.
8:09 of 3rd period - David Legwand is hit by Radko Gudas.
8:55 of 3rd period - Fedor Tyutin is hit by Anze Kopitar and loses puck.
9:22 of 3rd period - Snap shot by Zac Rinaldo.
9:22 of 3rd period - Shot Misses the Net.
9:24 of 3rd period - Snap shot by Paul Gaustad.
9:24 of 3rd period - Shot Blocked by Radko Gudas.
9:40 of 3rd period - Wrist shot by Vladimir Tarasenko.
9:40 of 3rd period - Stopped by Antti Niemi with a rebound.
9:42 of 3rd period - Snap shot by Vladimir Tarasenko.
9:42 of 3rd period - Shot Blocked by Loui Eriksson.
9:44 of 3rd period - Slapshot by Vladimir Tarasenko.
9:44 of 3rd period - Stopped by Antti Niemi with a rebound.
10:03 of 3rd period - Slapshot by Adam Pineault.
10:03 of 3rd period - Deflect By Claude Giroux.
10:03 of 3rd period - Goal by Adam Pineault - Kings : 4 - Nordiques : 2.
10:04 of 3rd period - Anze Kopitar wins face-off versus David Legwand in neutral zone.
10:51 of 3rd period - Jordan Nolan is hit by James Sheppard and loses puck.
12:01 of 3rd period - Snap shot by Maxim Talbot.
12:01 of 3rd period - Shot Misses the Net.
12:27 of 3rd period - Wrist shot by Mike Fisher.
12:27 of 3rd period - Shot Blocked by John Carlson.
13:03 of 3rd period - Icing by Damon Severson.
13:04 of 3rd period - Maxim Talbot wins face-off versus Darroll Powe in Kings zone.
13:09 of 3rd period - Slapshot by Ryan Ellis.
13:09 of 3rd period - Shot Misses the Net.
13:17 of 3rd period - Maxim Talbot is hit by Brian McGrattan and loses puck.
13:42 of 3rd period - Wrist shot by Evander Kane.
13:42 of 3rd period - Stopped by Antti Niemi without a rebound.
13:43 of 3rd period - Maxim Talbot wins face-off versus Anze Kopitar in Kings zone.
13:48 of 3rd period - Snap shot by Adam Pineault.
13:48 of 3rd period - Stopped by Antti Niemi with a rebound.
14:19 of 3rd period - Minor Penalty to Radko Gudas for Hooking.
14:20 of 3rd period - David Legwand wins face-off versus Gilbert Brule in Kings zone.
16:19 of 3rd period - Penalty to Radko Gudas is over, Radko Gudas is back on ice.
16:47 of 3rd period - Snap shot by Daniel Carcillo.
16:47 of 3rd period - Stopped by Julien Ellis without a rebound.
16:48 of 3rd period - Maxim Talbot wins face-off versus Jordan Nolan in Nordiques zone.
16:48 of 3rd period - Maxim Talbot is hit by Damon Severson.
17:11 of 3rd period - Vladimir Tarasenko is hit by Anze Kopitar and loses puck.
17:24 of 3rd period - John Carlson is hit by Trevor Daley and loses puck.
17:31 of 3rd period - Wrist shot by Mike Brown.
17:31 of 3rd period - Shot Blocked by Darnell Nurse.
17:33 of 3rd period - Slapshot by Fedor Tyutin.
17:33 of 3rd period - Shot Blocked by Loui Eriksson.
17:35 of 3rd period - Snap shot by James Sheppard.
17:35 of 3rd period - Shot Misses the Net.
17:41 of 3rd period - Minor Penalty to Maxim Afinogenov for Roughing.
17:42 of 3rd period - Gilbert Brule wins face-off versus Evander Kane in Kings zone.
17:42 of 3rd period - Gilbert Brule is hit by Fedor Tyutin.
17:58 of 3rd period - Brian McGrattan is hit by Fedor Tyutin and loses puck.
18:13 of 3rd period - Backhand shot by Dustin Byfuglien.
18:13 of 3rd period - Shot Misses the Net.
18:15 of 3rd period - Wrist shot by Paul Gaustad.
18:15 of 3rd period - Shot Misses the Net.
18:17 of 3rd period - Snap shot by Adam Pineault.
18:17 of 3rd period - Stopped by Antti Niemi without a rebound.
18:18 of 3rd period - Gilbert Brule wins face-off versus David Legwand in Kings zone.
19:41 of 3rd period - Penalty to Maxim Afinogenov is over, Maxim Afinogenov is back on ice.
Goals for this period are 1 for Kings vs 1 for Nordiques.
Shots for this period are 10 for Kings vs 8 for Nordiques.
Back to the Top